 Dungeon Crawl Stone Soup version 0.20-a0-983-g35de22d (webtiles) character file.

249291 Larsus the Imperceptible (level 19, -10/102 HPs)
             Began as a Spriggan Enchanter on Apr 4, 2017.
             Was the Champion of Dithmenos.
             Mangled by a nagaraja
             ... wielding a +0 club
              (18 damage)
             ... on level 4 of the Snake Pit on Apr 10, 2017.
             The game lasted 02:48:09 (58552 turns).

Larsus the Imperceptible (Spriggan Enchanter)      Turns: 58552, Time: 02:48:10

Health: -10/102    AC: 12    Str:  9    XL:     19   Next: 27%
Magic:  10/40      EV: 34    Int: 24    God:    Dithmenos [******]
Gold:   862        SH:  8    Dex: 22    Spells: 6/51 levels left

rFire    + . .     SeeInvis +   M - +3 dagger (elec)
rCold    . . .     Gourm    .   (shield restricted)
rNeg     . . .     Faith    .   b - +2 robe {MR+}
rPois    .         Spirit   .   O - +2 hat
rElec    .         Reflect  +   y - +2 cloak
rCorr    .         Harm     .   (gloves unavailable)
MR       ++++.                  (boots unavailable)
Stlth    ++++++++++             Q - +4 amulet of reflection
Regen    0.3/turn               G - ring of Uskayaw's Envy {rF+ Int+6 SInv}
MPRegen  0.3/turn               L - +3 ring of protection

@: lethally poisoned (-10 -> -12), about to teleport, wreathed by umbra,
constricted, very quick
A: unfitting armour, large bone plates 1, see invisible, agile 1, herbivore 3,
speed 3, slow metabolism 2, strong 1
}: 1/15 runes: decaying
a: Shadow Step, Shadow Form, Renounce Religion


You were on level 4 of the Snake Pit.
You worshipped Dithmenos.
Dithmenos was exalted by your worship.
You were not hungry.

You visited 8 branches of the dungeon, and saw 34 of its levels.
You also visited: Ossuary, Ice Cave and Volcano.

You collected 3567 gold pieces.
You spent 2705 gold pieces at shops.

Inventory:

Hand Weapons
 h - a +1 dagger of venom
 l - a +4 dagger of venom
 B - a +1 dagger of holy wrath
 M - a +3 dagger of electrocution (weapon)
Missiles
 w - 4 throwing nets (quivered)
Armour
 b - a +2 robe of magic resistance (worn)
 y - a +2 cloak (worn)
 O - a +2 hat (worn)
Jewellery
 G - the ring of Uskayaw's Envy (left hand) {rF+ Int+6 SInv}
   (You found it on level 1 of the Swamp)

   [ring of intelligence]

   It affects your intelligence (+6).
   It protects you from fire.
   It lets you see invisible.
 I - an uncursed ring of protection from magic
 L - a +3 ring of protection (right hand)
 Q - a +4 amulet of reflection (around neck)
Wands
 c - a wand of acid (5/15)
 f - a wand of polymorph (9/24)
 q - a wand of paralysis (3/24)
 t - a wand of disintegration (11/24)
 F - a wand of iceblast (8/15)
 K - a wand of iceblast (7/15)
 W - a wand of confusion (28/48)
Scrolls
 j - 8 scrolls of teleportation
 k - 2 scrolls of enchant armour
 n - 8 scrolls of recharging
 r - 2 scrolls of fog
 s - 13 scrolls of remove curse
 x - 5 scrolls of fear
 E - 2 scrolls of holy word
 J - 3 scrolls of identify
 N - 2 scrolls of magic mapping
Potions
 a - a potion of cancellation
 e - 4 potions of haste
 g - 4 potions of lignification
 i - 3 potions of agility
 m - 4 potions of resistance
 o - 3 potions of flight
 u - 4 potions of might
 v - 4 potions of curing
 z - 2 potions of ambrosia
 H - 3 potions of brilliance
 S - a potion of magic
Books
 p - the Almanac of Parts Unknown
   (You bought it in a shop on level 4 of the Snake Pit)

   Spells                             Type                      Level
   a - Throw Flame                    Conjuration/Fire             2
   b - Confuse                        Hexes                        3
   c - Inner Flame                    Hexes/Fire                   3
   d - Discord                        Hexes                        8
Comestibles
 d - 18 bread rations


   Skills:
 - Level 12.2 Fighting
 - Level 8.0 Short Blades
 - Level 19.6 Dodging
 - Level 22.8 Stealth
   Level 4.1 Shields
 - Level 16.6 Spellcasting
 + Level 18.5 Hexes


You had 6 spell levels left.
You knew the following spells:

 Your Spells              Type           Power        Failure   Level  Hunger
a - Ensorcelled Hibernat  Hex/Ice        ######       1%          2    None
b - Corona                Hex            #######      0%          1    None
c - Confuse               Hex            #######.     0%          3    None
d - Tukima's Dance        Hex            #######.     0%          3    None
e - Dazzling Spray        Conj/Hex       ######       1%          3    None
f - Silence               Hex/Air        ######....   1%          5    #......
g - Darkness              Hex            #######...   1%          6    ####...
h - Invisibility          Hex            #######.     1%          6    ####...
i - Passwall              Tmut/Erth      ###.......   4%          2    None
j - Swiftness             Chrm/Air       ###.....     4%          2    None
k - Passage of Golubria   Tloc           N/A          28%         4    None
l - Discord               Hex            #######...   12%         8    #######


Dungeon Overview and Level Annotations

Branches:
Dungeon (15/15)            Temple (1/1) D:6            Lair (6/6) D:11
  Swamp (4/4) Lair:2        Snake (4/4) Lair:4        Slime (0/5) Lair:6
    Orc (2/2) D:11            Elf (1/3) Orc:2        Vaults (0/5) D:13
 Depths (1/5) D:15

Altars:
Ashenzari
Cheibriados
Dithmenos
Elyvilon
Fedhas
Gozag
Hepliaklqana
Kikubaaqudgha
Makhleb
Nemelex Xobeh
Okawaru
Qazlal
Ru
Sif Muna
Trog
Uskayaw
Vehumet
Wu Jian
Xom
Yredelemnul
Zin
The Shining One
Beogh
Jiyva

Shops:
D:6 }   D:10 ?   D:13 }   Orc:1 (   Orc:2 ?!}[   Snake:1 :   Snake:4 ::[[


Innate Abilities, Weirdness & Mutations

You are very small and have problems with some larger weapons.
You are too small for most types of armour.
You have supernaturally acute eyesight. (SInv)
You are a herbivore.
You cover ground extremely quickly.
You need consume almost no food.
You are partially covered in large bone plates. (SH +4)
You are agile. (Dex +2)
Your muscles are strong. (Str +2)


Message History

You feel a bit more experienced. The anaconda completely misses you.
The anaconda constricts the naga.
The nagaraja misses you. The nagaraja constricts you.
The nagaraja completely misses you. The guardian serpent hits you!!
* * * LOW HITPOINT WARNING * * *
You emit a cloud of dark smoke.
The naga closely misses you.
The naga constricts the anaconda.
The naga hits the nagaraja but does no damage.
The naga grabs the nagaraja.
The naga constricts the nagaraja.
The anaconda bites the naga!!
The naga dies!
Dithmenos accepts your kill. x2
You feel a bit more experienced.
The guardian serpent completely misses you.
The nagaraja hits you with a spear!
* * * LOW HITPOINT WARNING * * *
x2 The nagaraja constricts you.
Dithmenos accepts your kill.
You feel a bit more experienced. The nagaraja hits you with a club!!
You die...

,,,,,,,,*,,*,,,,,,,,*,,*,,,##.###
,,,,,,,,,,.....N...,,,..,,##.....
,,,,,,,,,**.....N.,,*...,##......
*,,,,,,,###*.NN.N.,*#.).##.....#.
**,,,,,*#SS#*.)S..*#...##........
,**,,,**....#*...##...##.........
,,*,,**,.....##§§#§..##..........
,,,,,*,,,..S..#NNN..##..........÷
#,,..,,,,.††..SS@S.##............
##,...*,,....#§§§S##.............
.##...#*,.,,##.§§##..............
..##...#*,,##...##............###
#..##...#*##...##.............###
#...##...##...##................#
#....##......##.....'####........
##....##..).##....#.#.#.#.#......
.......##''##....................


You could see 2 nagarajas, a guardian serpent, a neutral anaconda (insane), a
neutral shock serpent (insane), a neutral guardian serpent (insane) and a
neutral naga (insane).

Vanquished Creatures
  the Lernaean hydra (Swamp:4)
  Vashnia (Snake:3)
  A tentacled monstrosity (Swamp:3)
  Frances (D:14)
  2 thorn hunters
  Agnes (D:14)
  4 nagarajas
  Aizul (Snake:2)
  An orc warlord (Orc:1)
  A stone giant (Depths:1)
  A fire dragon (Depths:1)
  3 vault guards (D:13)
  4 ogre magi
  A yaktaur captain (D:15)
  Josephine (D:15)
  An ice dragon (Lair:6)
  Harold (Orc:1)
  14 naga warriors
  A catoblepas (Lair:4)
  6 centaur warriors
  30 hydras
  13 anacondas
  8 two-headed ogres
  19 alligators
  2 tengu warriors (D:15)
  A death yak (Lair:4)
  10 naga sharpshooters
  6 shock serpents
  A hell hog (Volcano)
  A hell knight (D:14)
  A fire crab (shapeshifter) (Depths:1)
  Nergalle (Orc:2)
  2 salamander mystics
  An unseen horror (D:14)
  10 naga ritualists
  3 shambling mangroves
  2 wizards (D:13)
  9 swamp dragons
  2 spriggan druids (Swamp:4)
  A lindwurm (Lair:6)
  13 mana vipers
  2 necromancers (D:13)
  3 cyclopes
  10 orc sorcerers
  6 ugly things
  18 salamanders
  3 oklob plants (Lair:2)
  14 slime creatures
  16 naga magi
  2 guardian serpents
  A gargoyle (D:11)
  5 torpor snails (Lair:6)
  51 black mambas
  4 centaur skeletons
  An efreet (D:15)
  16 spiny frogs
  3 ice statues (IceCv)
  5 komodo dragons
  A yaktaur (D:13)
  5 trolls
  9 polar bears
  Grinder (D:5)
  10 tyrant leeches
  20 bog bodies
  19 hornets
  3 raiju (Lair:6)
  9 blink frogs
  Sigmund (D:5)
  A centaur simulacrum (D:14)
  11 hippogriffs
  3 shadows
  2 vampires (D:14)
  46 yaks
  17 humans (D:13)
  7 spriggans
  3 wyverns
  A fire elemental (Volcano)
  A steam dragon (D:13)
  8 wraiths
  26 vampire mosquitoes
  Edmund (D:5)
  15 swamp worms
  22 insubstantial wisps
  6 wargs
  48 nagas
  An acid dragon (D:14)
  16 hell hounds
  A soldier ant (D:11)
  Duvessa (D:5)
  8 water moccasins
  15 swamp drakes
  5 porcupines
  14 black bears
  18 orc warriors
  3 sky beasts
  9 ice beasts
  3 phantoms
  An eye of draining (D:13)
  13 ogres
  18 wolves
  11 centaurs
  10 crocodiles
  A big kobold (D:10)
  19 bullfrogs
  2 wyvern zombies
  Dowan (D:5)
  7 water moccasin zombies (Ossuary)
  2 scorpions
  4 wights (D:10)
  5 killer bees (D:10)
  2 electric eels (Lair:5)
  7 howler monkeys
  4 crimson imps
  5 centaur zombies
  A quasit (D:7)
  13 hounds
  3 jellies
  2 bullfrog skeletons
  20 orc priests
  41 orc wizards
  5 iguanas
  Jessica (D:2)
  14 worker ants
  Natasha (thrice) (D:2)
  2 big kobold zombies (Ossuary)
  2 mummies (Ossuary)
  A howler monkey zombie (D:8)
  4 gnolls
  15 adders
  2 shadow imps (D:9)
  An ooze (D:3)
  An adder skeleton (D:6)
  2 adder zombies (Ossuary)
  2 worms
  2 dart slugs (D:1)
  6 leopard geckos
  60 orcs
  4 giant cockroaches
  6 hobgoblins
  9 jackals
  7 quokkas
  A ball python (D:2)
  A ball python skeleton (D:6)
  11 bats
  4 frilled lizards
  3 gnoll zombies (Ossuary)
  10 goblins
  4 hobgoblin zombies (Ossuary)
  A jackal zombie (D:8)
  12 kobolds
  5 kobold zombies (Ossuary)
  2 leopard gecko skeletons
  6 orc zombies (Ossuary)
  8 rats
  4 plants
1146 creatures vanquished.

Vanquished Creatures (collateral kills)
  A nagaraja (Snake:4)
  A naga warrior (Snake:4)
  An anaconda (Snake:4)
  2 shock serpents (Snake:4)
  A naga sharpshooter (Snake:4)
  2 naga ritualists (Snake:4)
  9 mana vipers
  A salamander (Snake:4)
  A black mamba (Snake:4)
  3 naga magi (Snake:4)
  9 nagas (Snake:4)
  A gnoll (D:8)
  An orc (D:3)
33 creatures vanquished.

Vanquished Creatures (others)
  A two-headed ogre (Volcano)
  A salamander mystic (Snake:4)
  An ugly thing (IceCv)
  A mana viper (Snake:2)
  A guardian serpent (Snake:4)
  2 naga magi (Snake:2)
  A polar bear (Lair:6)
  A shadow (Swamp:1)
  6 nagas
  A swamp worm (Swamp:1)
  A swamp drake (Swamp:4)
  An adder zombie (Ossuary)
  6 fungi (Swamp:4)
  31 plants
55 creatures vanquished.

Grand Total: 1234 creatures vanquished

Notes
Turn   | Place    | Note
-------+----------+-------------------------------------------
     0 | D:1      | Larsus the Spriggan Enchanter began the quest for the Orb.
     0 | D:1      | Reached XP level 1. HP: 9/9 MP: 5/5
   440 | D:1      | Reached XP level 2. HP: 13/13 MP: 5/7
   444 | D:1      | Learned a level 2 spell: Ensorcelled Hibernation
  1122 | D:1      | Reached XP level 3. HP: 8/16 MP: 3/8
  1295 | D:1      | Learned a level 3 spell: Confuse
  1661 | D:2      | Noticed Jessica
  1665 | D:2      | Killed Jessica
  1665 | D:2      | Reached skill level 5 in Hexes
  1731 | D:2      | Reached XP level 4. HP: 21/21 MP: 10/10
  1854 | D:2      | Noticed Natasha
  1860 | D:2      | Killed Natasha
  1860 | D:2      | Reached skill level 5 in Stealth
  1868 | D:2      | Gained mutation: Your mind is acute. (Int +2) [potion of mutation]
  1868 | D:2      | Gained mutation: Your body sometimes deteriorates upon taking damage. [potion of mutation]
  1868 | D:2      | Lost mutation: Your body sometimes deteriorates upon taking damage. [potion of mutation]
  1938 | D:2      | Noticed Natasha
  2154 | D:2      | Killed Natasha
  2154 | D:2      | Reached skill level 6 in Stealth
  2259 | D:2      | Reached XP level 5. HP: 24/24 MP: 11/11
  2313 | D:2      | Noticed Natasha
  2325 | D:2      | Killed Natasha
  2468 | D:3      | Reached skill level 7 in Stealth
  2525 | D:3      | Learned a level 3 spell: Tukima's Dance
  3021 | D:3      | Reached skill level 8 in Stealth
  3506 | D:3      | Reached XP level 6. HP: 28/28 MP: 12/12
  3874 | D:4      | Reached skill level 9 in Stealth
  4193 | D:4      | Reached skill level 10 in Stealth
  4606 | D:5      | Entered Level 5 of the Dungeon
  4606 | D:5      | Found a sand-covered staircase.
  4621 | Ossuary  | Entered an ossuary
  4686 | Ossuary  | Reached XP level 7. HP: 29/32 MP: 13/13
  4740 | Ossuary  | Reached skill level 11 in Stealth
  5566 | Ossuary  | Reached skill level 12 in Stealth
  6688 | D:5      | Learned a level 3 spell: Dazzling Spray
  6713 | D:5      | Noticed Edmund
  6725 | D:5      | Killed Edmund
  6725 | D:5      | Reached XP level 8. HP: 36/37 MP: 11/15
  6767 | D:5      | Reached skill level 1 in Fighting
  6769 | D:5      | Noticed Duvessa
  6770 | D:5      | Noticed Dowan
  6776 | D:5      | Killed Duvessa
  6779 | D:5      | Killed Dowan
  6950 | D:5      | Found a bloodstained altar of Trog.
  7047 | D:5      | Noticed Grinder
  7060 | D:5      | Killed Grinder
  7060 | D:5      | Reached skill level 5 in Dodging
  7060 | D:5      | Reached skill level 5 in Spellcasting
  7392 | D:5      | Noticed Sigmund
  7397 | D:5      | Killed Sigmund
  7397 | D:5      | Reached XP level 9. HP: 43/43 MP: 18/18
  7694 | D:5      | Reached skill level 13 in Stealth
  7703 | D:5      | Found a deep blue altar of Sif Muna.
  7981 | D:6      | Found Fireom's Gadget Shop.
  8010 | D:6      | Found a staircase to the Ecumenical Temple.
  8019 | Temple   | Entered the Ecumenical Temple
  8122 | Temple   | Became a worshipper of Dithmenos the Shadowed
  8487 | D:6      | Found a shattered altar of Ashenzari.
  9546 | D:7      | Reached * piety under Dithmenos
 10581 | D:8      | Reached skill level 5 in Short Blades
 11069 | D:8      | Reached XP level 10. HP: 49/49 MP: 21/21
 11666 | D:9      | Reached ** piety under Dithmenos
 11935 | D:9      | Noticed a centaur warrior
 11946 | D:9      | Killed a centaur warrior
 12261 | D:9      | Reached skill level 14 in Stealth
 12778 | D:10     | Entered Level 10 of the Dungeon
 13233 | D:10     | Found Eneseq's Magic Scroll Shoppe.
 13236 | D:10     | Bought a scroll of enchant weapon for 97 gold pieces
 13236 | D:10     | Bought a scroll of identify for 26 gold pieces
 13236 | D:10     | Bought a scroll of identify for 26 gold pieces
 13236 | D:10     | Bought a scroll of identify for 26 gold pieces
 13236 | D:10     | Bought a scroll of identify for 26 gold pieces
 13804 | D:10     | Found an opulent altar of Gozag.
 14012 | D:10     | Reached *** piety under Dithmenos
 14397 | D:11     | Noticed a green ugly thing
 14417 | D:11     | Noticed a gargoyle
 14428 | D:11     | Killed a gargoyle
 14428 | D:11     | Reached XP level 11. HP: 54/54 MP: 20/24
 14518 | D:11     | Found a staircase to the Orcish Mines.
 14518 | D:11     | Noticed a purple ugly thing
 14523 | D:11     | Killed a purple ugly thing
 14586 | D:11     | Noticed a two-headed ogre
 14591 | D:11     | Killed a two-headed ogre
 14595 | D:11     | Reached skill level 5 in Fighting
 14721 | D:11     | Found a staircase to the Lair.
 14747 | D:11     | Reached skill level 10 in Dodging
 15151 | D:11     | Killed a green ugly thing
 15151 | D:11     | Reached **** piety under Dithmenos
 15151 | D:11     | Reached skill level 15 in Stealth
 15659 | D:12     | Found a hazy altar of Hepliaklqana.
 16390 | D:13     | Reached ***** piety under Dithmenos
 16390 | D:13     | Reached skill level 10 in Hexes
 16402 | D:13     | Noticed a necromancer
 16415 | D:13     | Killed a necromancer
 16415 | D:13     | Reached XP level 12. HP: 50/60 MP: 23/26
 16722 | D:13     | Found a gate to the Vaults.
 16722 | D:13     | Noticed a vault guard
 16722 | D:13     | Noticed a vault guard
 16722 | D:13     | Noticed a vault guard
 16725 | D:13     | Killed a vault guard
 16759 | D:13     | Killed a vault guard
 16759 | D:13     | Reached skill level 16 in Stealth
 16759 | D:13     | Reached skill level 10 in Spellcasting
 16768 | D:13     | Killed a vault guard
 17337 | D:13     | Noticed a centaur warrior
 17355 | D:13     | Killed a centaur warrior
 17493 | D:13     | Found Hixumini's Quality Used Wands.
 18024 | D:13     | Noticed a centaur warrior
 18616 | D:14     | Learned a level 5 spell: Silence
 18623 | D:14     | Learned a level 6 spell: Darkness
 18812 | D:14     | Noticed Agnes
 18854 | D:14     | Noticed a centaur warrior
 18861 | D:14     | Killed a centaur warrior
 18979 | D:14     | Noticed Frances
 18987 | D:14     | Killed Frances
 18987 | D:14     | Reached XP level 13. HP: 67/67 MP: 17/28
 19687 | Lair:1   | Entered Level 1 of the Lair of Beasts
 20362 | Lair:2   | Found a frozen archway.
 20413 | IceCv    | Entered an ice cave
 20440 | IceCv    | Reached skill level 17 in Stealth
 21055 | IceCv    | Identified the +9 trident of the Jolly Tables {venom, MR+++ Str+7 Int-2 Dex-2} (You found it in an ice cave)
 21364 | Lair:2   | Found a staircase to the Swamp.
 22754 | Lair:4   | Found a staircase to the Snake Pit.
 23964 | Lair:5   | Found a dark tunnel.
 23979 | Volcano  | Entered a volcano
 24813 | Lair:5   | Reached skill level 18 in Stealth
 24867 | Lair:5   | Reached XP level 14. HP: 74/74 MP: 31/31
 25238 | Lair:6   | Entered Level 6 of the Lair of Beasts
 25298 | Lair:6   | Found a staircase to the Slime Pits.
 25299 | Lair:6   | Found a viscous altar of Jiyva.
 25598 | Lair:6   | Reached ****** piety under Dithmenos
 26229 | Lair:6   | Found a stormy altar of Qazlal.
 27987 | Lair:6   | Found a runed door.
 28085 | Lair:6   | Reached skill level 15 in Dodging
 28496 | Orc:1    | Entered Level 1 of the Orcish Mines
 28826 | Orc:1    | Found Beduj's Weapon Emporium.
 29231 | Orc:2    | Entered Level 2 of the Orcish Mines
 29231 | Orc:2    | Found a staircase to the Elven Halls.
 29231 | Orc:2    | Noticed an orc warlord
 29242 | Orc:1    | Reached skill level 19 in Stealth
 29583 | Orc:1    | Killed an orc warlord
 29644 | Orc:2    | Gained mutation: You occasionally shout uncontrollably at your foes. [a neqoxec]
 29829 | Orc:1    | Noticed Harold
 29831 | Orc:1    | Killed Harold
 30238 | Orc:2    | Found Ulesh's Gadget Emporium.
 30333 | Orc:2    | Found Ferom's Antique Armour Shoppe.
 30378 | Orc:2    | Found an ancient bone altar of Kikubaaqudgha.
 30379 | Orc:2    | Noticed Nergalle
 30818 | Orc:2    | Killed Nergalle
 30877 | Orc:2    | Found a radiant altar of Vehumet.
 31001 | Orc:2    | Found a roughly hewn altar of Beogh.
 31004 | Orc:2    | Reached XP level 15. HP: 79/79 MP: 29/33
 31010 | Orc:2    | Found Pimes's Distillery.
 31018 | Orc:2    | Found Bienorr's Magic Scroll Shoppe.
 31029 | Orc:2    | Bought a potion of magic for 112 gold pieces
 31029 | Orc:2    | Bought a potion of curing for 42 gold pieces
 31029 | Orc:2    | Bought a potion of agility for 56 gold pieces
 31029 | Orc:2    | Bought a potion of mutation for 112 gold pieces
 31029 | Orc:2    | Bought a potion of agility for 56 gold pieces
 31029 | Orc:2    | Bought a potion of resistance for 140 gold pieces
 31029 | Orc:2    | Bought a potion of cancellation for 112 gold pieces
 31029 | Orc:2    | Bought a potion of mutation for 112 gold pieces
 31467 | Elf:1    | Entered Level 1 of the Elven Halls
 31662 | D:14     | Killed Agnes
 31896 | D:15     | Entered Level 15 of the Dungeon
 31996 | D:15     | Noticed Josephine
 32041 | D:15     | Killed Josephine
 32125 | D:15     | Reached XP level 16. HP: 72/84 MP: 10/34
 34621 | D:15     | Reached skill level 10 in Fighting
 34799 | D:15     | Found a staircase to the Depths.
 34808 | D:15     | Found a basalt altar of Yredelemnul.
 35073 | D:15     | Lost mutation: Your mind is acute. (Int +2) [potion of mutation]
 35073 | D:15     | Gained mutation: You are partially covered in large bone plates. (SH +4) [potion of mutation]
 35073 | D:15     | Gained mutation: You are dopey. (Int -2) [potion of mutation]
 35073 | D:15     | Gained mutation: You are somewhat resistant to further mutation. [potion of mutation]
 35074 | D:15     | Lost mutation: You are dopey. (Int -2) [potion of mutation]
 35074 | D:15     | Lost mutation: You are somewhat resistant to further mutation. [potion of mutation]
 35074 | D:15     | Lost mutation: You occasionally shout uncontrollably at your foes. [potion of mutation]
 35074 | D:15     | Gained mutation: You are clumsy. (Dex -2) [potion of mutation]
 35074 | D:15     | Gained mutation: You are dopey. (Int -2) [potion of mutation]
 35074 | D:15     | Gained mutation: You have a pair of small antennae on your head. [potion of mutation]
 35075 | D:15     | Lost mutation: You are dopey. (Int -2) [potion of mutation]
 35075 | D:15     | Lost mutation: You have a pair of small antennae on your head. [potion of mutation]
 35075 | D:15     | Lost mutation: You are clumsy. (Dex -2) [potion of mutation]
 35075 | D:15     | Gained mutation: Your muscles are strong. (Str +2) [potion of mutation]
 35075 | D:15     | Gained mutation: You are agile. (Dex +2) [potion of mutation]
 35080 | Depths:1 | Entered Level 1 of the Depths
 35085 | Depths:1 | Reached skill level 20 in Stealth
 35131 | D:15     | Upgraded the game from 0.20-a0-949-g916514f to 0.20-a0-983-g35de22d
 35313 | Snake:1  | Entered Level 1 of the Snake Pit
 35329 | Snake:1  | Found Paestridd's Book Shop.
 35342 | Snake:1  | Bought a book of Burglary for 975 gold pieces
 35349 | Snake:1  | Learned a level 6 spell: Invisibility
 35352 | Snake:1  | Learned a level 2 spell: Passwall
 35355 | Snake:1  | Learned a level 2 spell: Swiftness
 35360 | Snake:1  | Learned a level 4 spell: Passage of Golubria
 36762 | Swamp:1  | Entered Level 1 of the Swamp
 37305 | Swamp:1  | Got a fine lead ring
 37306 | Swamp:1  | Identified the ring of Uskayaw's Envy {rF+ Int+6 SInv} (You found it on level 1 of the Swamp)
 37472 | Swamp:1  | Reached skill level 15 in Hexes
 37717 | Swamp:1  | Reached XP level 17. HP: 74/90 MP: 36/36
 40339 | Swamp:3  | Reached skill level 21 in Stealth
 40784 | Swamp:4  | Entered Level 4 of the Swamp
 41391 | Swamp:4  | Noticed a tentacled monstrosity
 41428 | Swamp:3  | Killed a tentacled monstrosity
 42012 | Swamp:4  | Reached skill level 15 in Spellcasting
 42897 | Swamp:4  | Noticed the 27-headed Lernaean hydra
 42911 | Swamp:4  | Killed the 27-headed Lernaean hydra
 42915 | Swamp:4  | Got a decaying rune of Zot
 44852 | Snake:2  | Noticed Aizul
 44869 | Snake:2  | Killed Aizul
 45328 | Snake:2  | Reached XP level 18. HP: 96/96 MP: 31/38
 46906 | Snake:2  | Reached skill level 22 in Stealth
 47949 | Snake:3  | Found a shimmering altar of Xom.
 48792 | Snake:3  | Noticed Vashnia
 48798 | Snake:3  | Killed Vashnia
 50252 | Snake:3  | HP: 2/98 [nagaraja/whip (5)]
 51522 | Snake:4  | Entered Level 4 of the Snake Pit
 52320 | Snake:4  | Found Mulecwoc's Book Shoppe.
 52320 | Snake:4  | Found Xuzutup's Antique Armour Shoppe.
 52321 | Snake:4  | Found Daserr's Book Shoppe.
 52326 | Snake:4  | Found Adev's Armour Shoppe.
 52330 | Snake:4  | Bought the Almanac of Parts Unknown for 787 gold pieces
 52339 | Snake:4  | Learned a level 8 spell: Discord
 54158 | Snake:4  | Reached XP level 19. HP: 62/102 MP: 19/40
 58552 | Snake:4  | Mangled by a nagaraja

Vault maps used:
D:1:      minmay_arrival_doors
D:2:      first_bread, uniq_natasha, uniq_jessica
D:3:      minmay_misc_feat_room
D:4:      minmay_unequal
D:5:      marbit_many_paths, enter_ossuary_3, trog_hazing_becter, uniq_grinder,
          uniq_duvessa, uniq_sigmund, uniq_edmund
D:6:      temple_fountains, serial_shops, shop_statue, basic_altar
D:10:     serial_shops, kennysheep_mini_moat, the_bakery, grunt_gozag_statues
D:11:     grunt_lair_entry_orc_guard_hut, hex_medium, serial_bayou_crossing
D:12:     basic_altar
D:13:     grunt_vaults_entry_tiered, nicolae_for_you_no_charge
D:14:     nicolae_lava_and_water, serial_bayou_lagoon_a, uniq_agnes,
          uniq_frances
D:15:     hangedman_depths_entry_civil_slaughter, old_standard_altar,
          minmay_misc_feat_square, uniq_josephine
Temple:   kilobyte_greek_temple
Lair:1:   st_stairs_3
Lair:2:   minmay_swamp_entry_worms, portal_ice_cave_entry_pillars_1,
          grunt_megastairs_5, minmay_lair_oklob_chamber, lemuel_fruit_fields
Lair:4:   guppyfry_snake_entry_island, nicolae_lair_yak_garden
Lair:5:   nicolae_volcano_entry_hallway, serial_bayou_shore_a
Lair:6:   wormcave, hangedman_lair_caniforms_friends, slime_altar_1,
          lemuel_centaur_altar
Swamp:1:  serial_swamp_ruin, evilmike_swamp_ruin_house_5,
          evilmike_swamp_ruin_house_6, evilmike_swamp_ruin_house_4,
          nicolae_swamp_baby_hydras, infiniplex_staircase_pool
Swamp:2:  hangedman_swamp_blocks
Swamp:3:  nicolae_swamp_trees_clearing, swamp_pool3
Swamp:4:  grunt_swamp_rune_castle
Snake:1:  serial_shops, shop
Snake:2:  onia_ninara_swampy_vault, uniq_aizul
Snake:3:  basic_altar, uniq_vashnia
Snake:4:  johnstein_snake_rune_scales, nicolae_snake_biting_tails, spider_trap,
          minmay_shop_grid_forest, st_stairs_9
Orc:1:    serial_shops, shop, uniq_harold
Orc:2:    kennysheep_orc_mage_school
Elf:1:    eino_elf_arrival_shootout, hangedman_elven_crosses_minicolossus,
          grunt_ministairs_5, st_stairs_7
Depths:1: enter_ziggurat_f, grunt_hell_entry_demonic_statue,
          columned_hall_lemuel, abyss_entry_flame_altar,
          hangedman_decor_riveting, mikee_hates_you, uniq_jorgrun
Ossuary:  ossuary_tomb_2
IceCv:    ice_cave_statue_garden_chambered
Volcano:  volcano_village

Skill      XL: |  1  2  3  4  5  6  7  8  9 10 11 12 13 14 15 16 17 18 19 |
---------------+----------------------------------------------------------+-----
Spellcasting   | 3 4 5 7 8 9 10 12 13 14 15 16 | 16.6
Hexes          | 4 5 6 7 8 10 11 12 13 15 16 17 18 | 18.5
Stealth        | 6 8 10 12 13 14 15 16 18 19 20 21 22 | 22.8
Fighting       | 2 3 4 5 7 8 9 10 11 12 | 12.2
Short Blades   | 3 5 6 8 |  8.0
Dodging        | 5 7 9 11 12 14 15 16 18 19 | 19.6
Shields        | 4 |  4.1

Action                   |  1- 3 |  4- 6 |  7- 9 | 10-12 | 13-15 | 16-18 | 19-21 || total
-------------------------+-------+-------+-------+-------+-------+-------+-------++-------
Melee: Dagger            |    83 |   163 |   326 |   780 |   795 |  1048 |   103 ||  3298
Throw: Throwing net      |       |       |       |       |     2 |       |       ||     2
 Cast: Corona            |     5 |       |       |       |       |       |       ||     5
       Ensorcelled Hiber |    18 |    29 |    50 |    69 |   181 |    83 |     5 ||   435
       Confuse           |       |     2 |    31 |    31 |    77 |    99 |     1 ||   241
       Tukima's Dance    |       |     1 |       |     3 |       |       |       ||     4
       Dazzling Spray    |       |       |       |     5 |    17 |   254 |    75 ||   351
       Invisibility      |       |       |       |       |       |    30 |     1 ||    31
       Discord           |       |       |       |       |       |     2 |    13 ||    15
Invok: Shadow Step       |       |       |       |     1 |     3 |     3 |       ||     7
  Use: Scroll            |     7 |     9 |    17 |     8 |    17 |    14 |     1 ||    73
       Potion            |       |     1 |     2 |     1 |    16 |    25 |     1 ||    46
 Stab: Sleeping          |    12 |    45 |    59 |   105 |   203 |   119 |     8 ||   551
       Confused          |       |     2 |    16 |    21 |    40 |    44 |     1 ||   124
       Distracted        |       |       |     3 |     7 |     5 |     2 |     2 ||    19
       Invisible         |       |       |       |     2 |     4 |   185 |    15 ||   206
       Held in net/web   |       |       |       |       |     1 |       |       ||     1
  Eat: Bread ration      |       |     1 |     1 |       |       |       |     2 ||     4
       Royal jelly       |       |       |       |     5 |     4 |     6 |       ||    15
       Fruit             |       |       |       |       |     2 |    18 |     2 ||    22
Armor: Robe              |     5 |    16 |    29 |    30 |    35 |    39 |     4 ||   158
Dodge: Dodged            |    79 |   117 |   206 |   546 |   696 |  1125 |   124 ||  2893
Block: Other             |    12 |    10 |    24 |    74 |   118 |   296 |    34 ||   568
       Reflection        |     1 |       |     1 |     4 |       |    20 |    10 ||    36
